 Dungeon Crawl Stone Soup version 0.27.1-2-g3b301248ec (webtiles) character file.

Game seed: 6963400546232755498

60 cummra the Digger (level 4, -5/24 HPs)
             Began as a Gargoyle Earth Elementalist on Sept 25, 2021.
             Killed by divine providence
             ... invoked by an orc priest
              (10 damage)
             ... on level 3 of the Dungeon.
             The game lasted 00:03:13 (2826 turns).

cummra the Digger (Gargoyle Earth Elementalist)     Turns: 2826, Time: 00:03:13

Health: -5/24      AC:  5    Str: 11    XL:     4   Next: 6%
Magic:  8/8        EV: 11    Int: 17    God:
Gold:   111        SH:  0    Dex: 10    Spells: 8/9 levels left

rFire    . . .     SeeInvis .   f - +0 dagger
rCold    . . .     Faith    .   (no shield)
rNeg     + + .     Spirit   .   b - +0 robe
rPois    ∞         Reflect  .   (no helmet)
rElec    +         Harm     .   (no cloak)
rCorr    +         Rampage  .   (no gloves)
Will     .....                  (no boots)
Stlth    ++........             (no amulet)
HPRegen  0.08/turn              a - ring of positive energy
MPRegen  0.11/turn              g - ring of resist corrosion

@: no status effects
A: sickness immunity, AC +3, negative energy resistance 1, electricity
resistance, torment resistance 1, petrification resistance
a: no special abilities


You were on level 3 of the Dungeon.
You visited 1 branch of the dungeon, and saw 3 of its levels.

You collected 111 gold pieces.

Inventory:

Hand Weapons
 f - a +0 dagger (weapon)
Armour
 b - a +0 robe (worn)
Jewellery
 a - a ring of positive energy (left hand)
 g - a ring of resist corrosion (right hand)
Scrolls
 d - 3 scrolls of fear {unknown}
 e - 2 scrolls of identify {unknown}
 h - a scroll of holy word {unknown}
 i - a scroll of enchant armour {unknown}
 l - a scroll of amnesia {unknown}
Potions
 c - 3 potions of mutation {unknown}
 j - a potion of haste {unknown}
 k - a potion of attraction {unknown}
 m - a potion of berserk rage {unknown}


   Skills:
 - Level 1.5 Dodging
 - Level 2.1 Stealth
 + Level 3.0 Spellcasting
 - Level 0.7 Transmutations
 + Level 4.9 Earth Magic


You had 8 spell levels left.
You knew the following spells:

 Your Spells              Type           Power      Damage    Failure   Level
a - Sandblast             Erth           38%        2d10      2%          1

Your spell library contained the following spells:

 Spells                   Type           Power      Damage    Failure   Level
 Passwall                 Tmut/Erth      10%        N/A       9%          2
 Stone Arrow              Conj/Erth      20%        3d8       19%         3
 Petrify                  Tmut/Erth      12%        N/A       47%         4


Dungeon Overview and Level Annotations

Branches:
Dungeon (3/15)

Altars:

Annotations:
D:3 Terence


Innate Abilities, Weirdness & Mutations

You are immune to sickness and miasma.
Your stone body is resilient. (AC +3)
You are immune to poison.
You resist negative energy. (rN+)
You are resistant to electric shocks. (rElec)
You are resistant to unholy torment.
You are immune to petrification.


Message History

The endoplasm closely misses you.
You hit the endoplasm.
You kill the endoplasm!
No target in view!
You open the door.
An adder comes into view.
Found a ring mail.
An orc priest and Terence come into view.
Found a robe.
The adder hisses angrily.
The adder closely misses you.
Terence shouts, "ATTACK!!!"
You closely miss the adder. The adder closely misses you. The adder misses you.
You hit the adder but do no damage.
The orc priest shouts!
You hear a shout! x2
The adder bites you.
The orc priest calls down the wrath of Beogh upon you.
Beogh smites you!
Ouch! That really hurt!
You hear a shout! x2
The adder closely misses you.
You hit the adder but do no damage. The adder barely misses you.
You hit the adder but do no damage. The adder bites you.
The adder bites you but does no damage.
You barely miss the adder. The adder bites you but does no damage.
You closely miss the adder. The adder bites you.
* * * LOW HITPOINT WARNING * * *
You miss the adder. The adder bites you.
* * * LOW HITPOINT WARNING * * *
The adder bites you but does no damage.
The orc priest looks satisfied for a moment.
The adder closely misses you. The adder bites you but does no damage.
The adder bites you but does no damage. The adder bites you.
* * * LOW HITPOINT WARNING * * *
The adder closely misses you.
The orc priest mumbles some strange prayers to Beogh against you.
Beogh smites you!
You die...

..############.###.#.######.#.###
..# #.###...# #.#.... ..#
#..####^# #.##### .@# ##o####.#
#...... ..# #.##<#.# ####### ..#
#..#.#.# #.## ..# ##.#.#.# #...
..# #S#.#.# ###†## #@#.#.# #...#
#...#.#######.#.#
##(...........###
#.##.############ #..#.# #....
##.#.# #.### ########.#.# #.#
#..........# #.# #.#######..# #[#


You could see an orc priest and an adder.

Vanquished Creatures
  An adder (D:2)
  A worm (D:2)
  2 dart slugs
  An orc (D:2)
  A bat (D:1)
  3 endoplasms
  A giant cockroach (D:1)
  7 goblins
  A hobgoblin (D:2)
  A kobold (D:2)
  2 quokkas
  9 ball pythons
  8 frilled lizards
  4 rats
  A spectral kobold (D:1)
43 creatures vanquished.

Notes
Turn   | Place    | Note
-------+----------+-------------------------------------------
     0 | D:1      | cummra the Gargoyle Earth Elementalist began the quest for
                  | the Orb.
     0 | D:1      | Reached XP level 1. HP: 10/10 MP: 3/3
   614 | D:1      | Reached skill level 4 in Earth Magic
   614 | D:1      | Reached XP level 2. HP: 14/15 MP: 3/5
   728 | D:1      | Found a faded altar of an unknown god.
  1257 | D:2      | Reached XP level 3. HP: 19/19 MP: 1/7
  2638 | D:3      | Reached XP level 4. HP: 16/24 MP: 8/8
  2797 | D:3      | Noticed Terence
  2826 | D:3      | Killed from afar by an orc priest

Illustrated notes

Levels and vault maps discovered:
D:1:      saegor_arrival_simple_a, layout_basic,
          dreamdust_ecumenical_altar_drowned_temple
D:2:      layout_basic, kennysheep_generic_room_7
D:3:      minmay_door_path, layout_basic, grunt_ministairs_14,
          kennysheep_pointless_box, uniq_terence

Skill      XL: |  1  2  3 |
---------------+----------+-----
Earth Magic    | 4 |  4.9
Spellcasting   | 3 |  3.0
Dodging        | |  1.5
Stealth        | |  2.1
Transmutations | |  0.7

Action                   |  1- 3 |  4- 6 || total
-------------------------+-------+-------++-------
Melee: Dagger            |    91 |    12 ||   103
       Unarmed           |     5 |       ||     5
 Cast: Sandblast         |    30 |       ||    30
 Stab: Sleeping          |     4 |     2 ||     6
Armor: Robe              |    33 |     5 ||    38
Dodge: Dodged            |    48 |     9 ||    57
